Unix xNetHack Version 8.0.0 - last build Jun 13 2023 11:06:09 (4b7ecc64c373f7294607d497be3f7ce1783331ac). Game began 2023-06-22 15:14:07, ended 2023-06-22 16:05:43. Moult, neutral male gnomish Healer ---------------------------------# |........................@.......# | ---- -----+---------.....{.|# +.@.....|## |..q....|0## -a-----.|### .. |.|# .... |.|# ---. -.|# |. .|# |. .|# ----.----- -. .|# |........| .|# |....<...| .|# +........| .|# |........| .|####.........| --- ---------- Moult the Rhizotomist St:11 Dx:9 Co:16 In:12 Wi:16 Ch:10 Neutral S:358 Dlvl:8 $:1113 HP:0(12) Pw:5(5) AC:3 Xp:1/2 T:1956 Latest messages: You drop a hooded cloak {10}. You find an anti-magic field. The large dog drops a kobold corpse. You hear crashing rock. What do you want to use or apply? [glsF or ?*] l You produce a strange whistling sound. Your large dog appears. You swap places with your large dog. You see here a hooded cloak. You have a little trouble lifting S - a hooded cloak {10}. What do you want to wear? [ERS or ?*] S You are now wearing a hooded cloak. The large dog picks up a kobold corpse. What do you want to drop? [$abgklnoqsuvx-zB-GI-S or ?*] v You drop a +0 leather studded armor {200}. Your movements are now unencumbered. What do you want to drop? [$abgklnoqsux-zB-GI-S or ?*] R You drop a pair of hard shoes {50}. The large dog drops a kobold corpse. The large dog picks up a +0 leather studded armor. The large dog drops a +0 leather studded armor. You see here a pair of hard shoes. R - a pair of hard shoes {50}. What do you want to use or apply? [glsF or ?*] l You produce a strange whistling sound. Your large dog shifts location. You descend the stairs. You see here an emerald potion. K - an emerald potion {20} (2 in total). The cave spider spins a web. Pick an object. A gush of water hits the cave spider! You descend the stairs. What do you want to drop? [$abgklnoqsux-zB-GI-S or ?*] R You drop a pair of hard shoes {50}. You hear a door open. You hear a door open. You hear crashing rock. You hear crashing rock. You hear the chime of a cash register. There is a doorway here. You see here a pair of hard shoes. R - a pair of hard shoes {50}. With great effort you move the boulder. The giant ant bites! The rothe hits! The rothe bites! The rothe bites again! You die... Do you want your possessions identified? q Inventory: Inventory: 576/725 weight (30/52 slots) Coins $ - 1113 gold pieces {11} Weapons x - 4 blessed rustproof +0 darts {4} u - 13 blessed +1 darts {13} G - 7 +0 shuriken {7} Q - a +0 dagger {10} o - a blessed +0 orcish dagger {10} y - a +0 orcish dagger {10} a - a +0 scalpel {5} F - a blessed +1 silver battle-axe (weapon in hands) {135} Armor z - an uncursed +0 orcish helm (being worn) {23} b - an uncursed +1 pair of leather gloves (being worn) {8} R - a cursed -1 pair of dwarvish boots {50} E - a cursed +0 pair of speed boots named cursed {20} C - an uncursed +0 small shield {30} S - a blessed +0 dwarvish cloak (being worn) {8} O - an uncursed +0 mithril elven ring mail (being worn) {88} Comestibles k - 7 uncursed apples {14} P - an uncursed banana {2} n - an uncursed food ration {20} B - a cursed egg {1} Scrolls J - an uncursed scroll of confuse monster {5} L - an uncursed scroll of identify {5} Potions I - an uncursed potion of hallucination {20} K - 2 uncursed potions of paralysis {40} Wands g - a wand of sleep (0:5) {7} Tools l - an uncursed copper magic whistle {3} s - an uncursed stethoscope named 1116 {4} Gems/Stones q - an uncursed amber stone {1} D - an uncursed worthless piece of orange glass {1} N - an uncursed worthless piece of red glass {1} M - 2 uncursed rocks {20} Moult the Healer's attributes: Background: You were a Rhizotomist, a level 1 male gnomish Healer. You were neutral, on a mission for Hermes who was opposed by Athena (lawful) and Poseidon (chaotic). You were heterosexual. You were in the Gnomish Mines, on level 8. You entered the dungeon 1956 turns ago. You had 2 experience points, 18 more were needed to attain level 2. Your score was 358 before end-of-game adjustments. Basics: You had 0 out of 12 hit points. You had all 5 energy points (spell power). Your armor class was 3. Your wallet contained 1113 zorkmids. Autopickup was on for '_' plus thrown, with exceptions. Final Characteristics: Your strength was 11 (limit:18/50). Your dexterity was 9 (limit:18). Your constitution was 16 (limit:18). Your intelligence was 12 (limit:19). Your wisdom was 16 (limit:18). Your charisma was 10 (limit:18). Final Status: You were not hungry. You were unencumbered. You were wielding an axe. You had no skill with axe. Final Attributes: You were devoutly aligned. You were poison resistant. You had infravision. You were guarded. You are dead. Miscellaneous: You never encountered a bones level. Total elapsed playing time was 51 minutes and 35 seconds. Major events: Turn 1: Moult the neutral male gnomish Healer entered the dungeon 1593: entered the Gnomish Mines 1956: killed by a rothe Vanquished creatures: a dwarf 2 dwarf zombies a hobbit a red mold a gnome 3 gnome zombies 5 geckos 3 jackals 3 foxes 2 kobolds 2 goblins 3 sewer rats a grid bug a lichen 2 kobold zombies 2 newts 33 creatures vanquished. No species were genocided or became extinct. Voluntary challenges: You read items or engraved 1 time. You never genocided any monsters. You never polymorphed an object. You never changed form. You never touched an artifact. You used no wishes. You were celibate. You never generated conflict. Achievements: You entered a shop. You entered the Gnomish Mines. Dungeon overview: The Dungeons of Doom: levels 1 to 4 Level 1: Level 2: "bookstash" A grave, a tree. Level 3: "vault" A weapon shop. Level 4: Stairs down to The Gnomish Mines. The Gnomish Mines: levels 5 to 8 Level 5: Level 6: Level 7: Level 8: <- You were here. A fountain. Final resting place for you, killed by a rothe. Game over: __________ / \ / REST \ / IN \ / PEACE \ / \ | Moult | | 1113 Au | | killed by a | | rothe | | | | | | 2023 | *| * * * | * _________)/\\_//(\/(/\)/\//\/|_)_______ Goodbye Moult the Healer... You died in The Gnomish Mines on dungeon level 8 with 358 points, and 1113 pieces of gold, after 1956 moves. You were level 1 with a maximum of 12 hit points when you died.